 Dungeon Crawl Stone Soup version 0.22.0-49-gab54619 (webtiles) character file.

182 inc the Shield-Bearer (level 5, -2/36 HPs)
             Began as an Octopode Fighter on Sept 6, 2018.
             Slain by a goblin
             ... wielding a +0 dagger
             ... led by Robin
              (3 damage)
             ... on level 3 of the Dungeon.
             The game lasted 00:02:25 (2561 turns).

inc the Shield-Bearer (Octopode Fighter)            Turns: 2561, Time: 00:02:26

Health: -2/36      AC:  1    Str: 20    XL:     5   Next: 62%
Magic:  5/5        EV: 12    Int: 16    God:
Gold:   78         SH: 10    Dex: 11    Spells: 4/4 levels left

rFire    . . .     SeeInvis .   a - +0 flail
rCold    . . .     Gourm    .   b - +0 shield
rNeg     . . .     Faith    .   (helmet restricted)
rPois    .         Spirit   .   (no amulet)
rElec    .         Reflect  .   i - ring of resist corrosion
rCorr    +         Harm     .   j - +4 ring of intelligence
MR       .....                  (no ring)
Stlth    ++........             (no ring)
HPRegen  0.12/turn              (no ring)
MPRegen  0.09/turn              (no ring)
                                (no ring)
                                (no ring)

@: mighty, hasted, very quick
A: almost no armour, stealthy swim, amphibious, 8 rings, constrict 8, camouflage
1, gelatinous body 1
a: no special abilities


You were on level 3 of the Dungeon.
You were very hungry.

You visited 1 branch of the dungeon, and saw 3 of its levels.

You collected 78 gold pieces.

Inventory:

Hand Weapons
 a - a +0 flail (weapon)
Armour
 b - a +0 shield (worn)
Jewellery
 i - a ring of resist corrosion (left tentacle)
 j - a +4 ring of intelligence (right tentacle)
 l - an uncursed ring of resist corrosion
Scrolls
 f - 2 scrolls of amnesia {unknown}
 g - 2 scrolls of identify {unknown}
 h - 3 scrolls of teleportation {unknown}
Comestibles
 d - 2 rations


   Skills:
 - Level 3.0 Fighting
 - Level 2.0 Maces & Flails
 - Level 3.0 Dodging
 + Level 6.1 Shields


You had 4 spell levels left.
You didn't know any spells.
Your spell library was empty.

Dungeon Overview and Level Annotations

Branches:
Dungeon (3/15)

Altars:

Annotations:
D:3 Robin


Innate Abilities, Weirdness & Mutations

You cannot wear most types of armour.
You are very stealthy in the water. (Stealth+)
You are amphibious.
You can wear up to eight rings at the same time.
You can use your tentacles to constrict eight enemies at once.
Your skin changes colour to match your surroundings (Stealth+).
Your rubbery body absorbs attacks. (AC +1, EV +1)


Message History

The goblin no longer looks unusually strong. x2
Robin throws the goblin at you! The goblin hits you with a dagger.
Unknown command.
You closely miss the goblin. Your grab misses the goblin.
The hobgoblin no longer looks unusually strong.
You block the goblin's attack.
Robin says, "A pitiful Octopus like you will never find the ORB!"
The goblin hits you but does no damage. The goblin hits you with a club.
* * * LOW HITPOINT WARNING * * *
Unknown command.
You closely miss the goblin. Your grab misses the goblin.
Your squeeze misses the goblin. The goblin hits you but does no damage.
Robin roars a battlecry!
The goblins go into a battle-frenzy!
The goblin closely misses you. The goblin hits you with a dagger.
* * * LOW HITPOINT WARNING * * *
Unknown command.
It was a potion of haste.
You feel yourself speed up. The goblin hits you with a dagger.
You die... ........ #.........####....# ........ +........g+.......# .#####.. .........####....# .# ..ggo.. ##.#.# .# .gSoo ###.# .# lgg

#.# .# #g#
#####.# .. #g#
#.....# ## #. #@#
#.##### .###
##g## #.# ...###
##...## #.# . ..#
#.....#####.#
#.#.#
#...........#
#.#.##
#.#..###.####
.####....###.#..#
#.#
................#
#.#
######...###.#.##
#.#


You could see Robin, an orc wizard, an adder, an orc, a leopard gecko, 2
hobgoblins and 5 goblins.

Vanquished Creatures
  An orc priest (D:2)
  2 orc wizards
  An adder skeleton (D:3)
  3 worms
  A dart slug (D:2)
  A leopard gecko (D:2)
  6 orcs
  4 giant cockroaches
  10 goblins
  12 hobgoblins
  7 jackals
  A quokka (D:2)
  7 bats
  3 frilled lizards
  8 kobolds
  6 rats
73 creatures vanquished.

Notes
Turn   | Place    | Note
-------+----------+-------------------------------------------
     0 | D:1      | inc the Octopode Fighter began the quest for the Orb.
     0 | D:1      | Reached XP level 1. HP: 16/16 MP: 1/1
   162 | D:1      | Reached XP level 2. HP: 18/21 MP: 2/2
   529 | D:1      | Reached skill level 4 in Shields
   686 | D:1      | Reached XP level 3. HP: 24/26 MP: 3/3
  1350 | D:2      | Reached skill level 5 in Shields
  1350 | D:2      | Reached XP level 4. HP: 18/31 MP: 4/4
  1510 | D:2      | Reached XP level 5. HP: 36/36 MP: 5/5
  2545 | D:3      | Noticed Robin
  2557 | D:3      | Reached skill level 6 in Shields
  2560 | D:3      | HP: 1/36 [goblin/dagger[Robin] (6)]
  2561 | D:3      | Slain by a goblin

Skill      XL: |  1  2  3  4  5 |
---------------+----------------+-----
Shields        | 4 5 6 |  6.1
Fighting       | |  3.0
Maces & Flails | |  2.0
Dodging        | |  3.0

Action                   |  1- 3 |  4- 6 || total
-------------------------+-------+-------++-------
Melee: Flail             |    81 |    54 ||   135
       Constrict         |    23 |    17 ||    40
       Tentacles         |    16 |    13 ||    29
  Use: Potion            |       |     2 ||     2
 Stab: Sleeping          |    10 |     4 ||    14
  Eat: Chunk             |     1 |     3 ||     4
Armor: Skin              |     7 |     6 ||    13
Dodge: Dodged            |    32 |    15 ||    47
Block: Shield            |    37 |    26 ||    63
